 Dungeon Crawl Stone Soup version 0.25.0-41-g26779e291d (webtiles) character file.

Game seed: 4942717763742732105

3182 wojtek the Blocker (level 9, -20/81 HPs)
             Began as a Minotaur Fighter on July 10, 2020.
             Was a Follower of Makhleb.
             Demolished by a white ugly thing (30 damage)
             ... on level 7 of the Dungeon.
             The game lasted 00:06:53 (6957 turns).

wojtek the Blocker (Minotaur Fighter)               Turns: 6957, Time: 00:06:54

Health: -20/81     AC:  9    Str: 23    XL:     9   Next: 64%
Magic:  11/11      EV:  8    Int:  5    God:    Makhleb [*.....]
Gold:   434        SH: 11    Dex: 11    Spells: 8/8 levels left

rFire    . . .     SeeInvis +   a - +1 war axe
rCold    . . .     Gourm    .   c - +0 kite shield
rNeg     . . .     Faith    .   b - +0 scale mail
rPois    .         Spirit   .   (helmet restricted)
rElec    .         Reflect  .   H - +0 cloak
rCorr    .         Harm     .   (no gloves)
MR       .....                  (no boots)
Stlth    ..........             y - amulet of regeneration
HPRegen  0.63/turn              j - ring of see invisible
MPRegen  0.12/turn              (no ring)

@: no status effects
A: retaliatory headbutt, horns 2
a: Renounce Religion


You were on level 7 of the Dungeon.
You worshipped Makhleb.
Makhleb was aware of your devotion.
You were not hungry.

You visited 2 branches of the dungeon, and saw 9 of its levels.

You collected 434 gold pieces.

Inventory:

Hand Weapons
 a - a +1 war axe (weapon)
 s - a +0 antimagic hand axe
 w - a +0 hand axe of electrocution
Missiles
 t - 4 throwing nets (quivered)
 D - 18 poisoned darts
Armour
 b - a +0 scale mail (worn)
 c - a +0 kite shield (worn)
 H - a +0 cloak (worn)
Jewellery
 j - a ring of see invisible (left hand)
 y - an amulet of regeneration (around neck)
Wands
 x - a wand of disintegration (5)
 C - a wand of paralysis (10)
Scrolls
 e - 5 scrolls of enchant weapon
 g - a scroll of immolation {unknown}
 h - 4 scrolls of identify
 k - 2 scrolls of amnesia {unknown}
 l - 5 scrolls of enchant armour
 r - 4 scrolls of remove curse
 u - a scroll of blinking {unknown}
 B - a scroll of acquirement {unknown}
 E - 2 scrolls of fear {unknown}
Potions
 d - 2 potions of might
 m - 2 potions of mutation {unknown}
 n - a potion of magic {unknown}
 o - a potion of degeneration {unknown}
 p - a potion of heal wounds {unknown}
 q - 2 potions of flight {unknown}
 v - a potion of resistance {unknown}
 z - 4 potions of curing {unknown}
 A - a potion of ambrosia {unknown}
 F - 3 potions of stabbing {unknown}
 G - 2 potions of haste {unknown}
Comestibles
 f - 10 rations
 i - 3 chunks of flesh


   Skills:
 + Level 8.0 Fighting
 - Level 7.0 Axes
 + Level 7.9 Armour
 + Level 8.0 Shields
 * Level 4.3 Invocations
 + Level 4.7 Evocations


You had 8 spell levels left.
You didn't know any spells.
Your spell library contained the following spells:

 Spells                   Type           Power        Failure   Level  Hunger
 Freeze                   Ice            #...         96%         1    ##.....
 Shroud of Golubria       Chrm/Tloc      #.....       99%         2    ###....
 Frozen Ramparts          Ice            #.....       100%        3    ####...
 Ozocubu's Armour         Chrm/Ice       #.......     100%        3    ####...
 Portal Projectile        Hex/Tloc       #.....       100%        3    ####...
 Hailstorm                Conj/Ice       #.......     100%        4    #####..
 Summon Ice Beast         Ice/Summ       #.......     100%        4    #####..
 Disjunction              Tloc           #.........   100%        8    #######


Dungeon Overview and Level Annotations

Branches:
Dungeon (8/15)             Temple (1/1) D:6
   Lair: D:8-11

Altars:
Ashenzari
Cheibriados
Dithmenos
Fedhas
Gozag
Hepliaklqana
Kikubaaqudgha
Makhleb
Nemelex Xobeh
Okawaru
Qazlal
Ru
Sif Muna
Trog
Uskayaw
Vehumet
Wu Jian
Xom
Yredelemnul
Zin
The Shining One


Innate Abilities, Weirdness & Mutations

You reflexively headbutt those who attack you in melee.
You have a pair of horns on your head.


Message History

The white ugly thing is moderately wounded.
You block the white ugly thing's attack.
You hit the white ugly thing.
Your headbutt misses the white ugly thing.
The white ugly thing is moderately wounded.
The white ugly thing kicks you. The white ugly thing freezes you!!
You block the white ugly thing's attack.
You slash the white ugly thing!
The white ugly thing is moderately wounded.
You block the white ugly thing's attack.
You hit the white ugly thing. You headbutt the white ugly thing!
The white ugly thing is severely wounded.
The white ugly thing kicks you! The white ugly thing freezes you!!
* * * LOW HITPOINT WARNING * * *
You are too injured to fight recklessly!
You are too injured to fight recklessly!
The white ugly thing kicks you.
* * * LOW HITPOINT WARNING * * *
The white ugly thing freezes you!!
You die...

..# #..### #.####.........#
)## #.## ##.##...........# .♣♣
#.# ##.[<..#.........# ♣.♣
######.........)......## ♣.♣♣
#...##.(.####..........####
♣♣.♣ ###.#....#
#.............## ♣.♣♣
#.#.#.### #############...
P..♣ #.......######## ####
PP.♣ ###...###..@u...>### ...#
#....## ########...#
..####....# ###.#########
...##..##.# #...........
.#.#..###.### #...........
.....####...#######
#..........#
.###.........##...#
#..........# .#
#######.[......####..........#
.# ####(..................#


You could see a white ugly thing.

Vanquished Creatures
  Harold (D:7)
  Joseph (D:7)
  Prince Ribbit (D:5)
  A steam dragon (D:7)
  2 hungry ghosts (D:7)
  A black bear (D:6)
  An ice beast (D:5)
  An ogre (D:7)
  A phantom (D:4)
  A big kobold (D:7)
  Blork the orc (D:6)
  A bullfrog (D:7)
  A scorpion (D:4)
  4 wights
  2 crimson imps
  A howler monkey (D:5)
  3 hounds
  A centaur zombie (D:7)
  An orc priest (D:3)
  Crazy Yiuf (D:7)
  2 bullfrog skeletons
  Ijyb (D:4)
  2 worker ants (D:5)
  2 iguanas
  4 orc wizards (D:7)
  A worker ant zombie (D:6)
  A gnoll (D:1)
  8 adders
  A shadow imp (D:7)
  6 dart slugs
  6 leopard geckos
  4 orcs
  A ball python (D:1)
  7 bats
  8 giant cockroaches
  7 hobgoblins
  11 jackals
  2 quokkas
  5 frilled lizards
  13 goblins
  20 kobolds
  11 rats
150 creatures vanquished.

Notes
Turn   | Place    | Note
-------+----------+-------------------------------------------
     0 | D:1      | wojtek the Minotaur Fighter began the quest for the Orb.
     0 | D:1      | Reached XP level 1. HP: 19/19 MP: 0/0
    31 | D:1      | Reached XP level 2. HP: 24/26 MP: 1/1
   386 | D:1      | Reached XP level 3. HP: 31/31 MP: 2/2
   893 | D:2      | Reached skill level 5 in Axes
   893 | D:2      | Reached XP level 4. HP: 19/39 MP: 3/3
  1152 | D:2      | Found a blossoming altar of Fedhas.
  1280 | D:2      | Found a faded altar of an unknown god.
  1575 | D:2      | Found an iron altar of Okawaru.
  1847 | D:3      | Reached XP level 5. HP: 20/45 MP: 4/4
  2078 | D:3      | Found an ancient bone altar of Kikubaaqudgha.
  2145 | D:3      | Reached XP level 6. HP: 6/52 MP: 5/5
  2485 | D:3      | Found a bloodstained altar of Trog.
  2942 | D:4      | Noticed Ijyb
  2948 | D:4      | Killed Ijyb
  3679 | D:4      | Reached skill level 1 in Evocations
  3679 | D:4      | Reached XP level 7. HP: 60/60 MP: 6/6
  3919 | D:4      | You fall into a shaft and drop 3 floors!
  3926 | D:7      | Reached skill level 5 in Fighting
  3926 | D:7      | Reached skill level 5 in Armour
  3940 | D:7      | Noticed a hungry ghost
  3953 | D:7      | Killed a hungry ghost
  3953 | D:7      | Reached skill level 5 in Shields
  4032 | D:7      | Found a runed translucent door.
  4033 | D:7      | Noticed Crazy Yiuf
  4055 | D:7      | Noticed Joseph
  4070 | D:7      | Killed Joseph
  4213 | D:6      | Reached XP level 8. HP: 70/70 MP: 8/8
  4394 | D:6      | Identified the Almanac of Dislocation
  4436 | D:5      | Entered Level 5 of the Dungeon
  4700 | D:4      | Found an opulent altar of Gozag.
  5098 | D:5      | Noticed Prince Ribbit
  5480 | D:5      | Found a hazy altar of Hepliaklqana.
  5485 | D:5      | Found an iron altar of Okawaru.
  5535 | D:5      | Killed Prince Ribbit
  5678 | D:6      | Found a staircase to the Ecumenical Temple.
  5774 | Temple   | Entered the Ecumenical Temple
  5885 | Temple   | Became a worshipper of Makhleb the Destroyer
  5988 | D:6      | Noticed Blork the orc
  5995 | D:6      | Killed Blork the orc
  6108 | D:7      | Reached skill level 1 in Invocations
  6132 | D:7      | Reached XP level 9. HP: 77/79 MP: 11/11
  6453 | D:7      | Noticed Harold
  6467 | D:7      | Killed Harold
  6718 | D:7      | Killed Crazy Yiuf
  6769 | D:8      | Reached * piety under Makhleb
  6890 | D:8      | Noticed a white ugly thing
  6957 | D:7      | Demolished by a white ugly thing

Illustrated notes

Levels and vault maps discovered:
D:1:      giann_bridges, layout_loops_ring, patterned_corridor
D:2:      layout_basic, lemuel_crystal_altar, chequers_ecumenical_altar_island,
          minmay_misc_feat_alley, kennysheep_okawaru_gauntlet
D:3:      layout_basic, lemuel_round_altar, trog_hazing_becter
D:4:      kennysheep_the_goblin_king, layout_basic,
          nicolae_gozag_cash_rules_everything_around_me
D:5:      layout_cave_pods, minitemple, first_ration, uniq_prince_ribbit1
D:6:      layout_cave_pools, temple_statues, uniq_blork_the_orc
D:7:      layout_rooms, uniq_crazy_yiuf_cottage, uniq_joseph, uniq_harold
D:8:      layout_cave_pools, kennysheep_little_box, uniq_psyche
Temple:   compressed_dpeg_circular_temple

Skill      XL: |  1  2  3  4  5  6  7  8  9 |
---------------+----------------------------+-----
Axes           | 3 4 5 6 7 |  7.0
Armour         | 4 5 7 |  7.9
Fighting       | 4 6 7 8 |  8.0
Shields        | 4 5 7 8 |  8.0
Evocations     | 1 2 4 |  4.7
Invocations    | 2 4 |  4.3

Action                   |  1- 3 |  4- 6 |  7- 9 || total
-------------------------+-------+-------+-------++-------
Melee: War axe           |    64 |   146 |   206 ||   416
       Headbutt          |     7 |    25 |    42 ||    74
  Use: Scroll            |       |       |     4 ||     4
  Eat: Chunk             |       |     9 |    18 ||    27
Armor: Scale mail        |    33 |    50 |    67 ||   150
Dodge: Dodged            |    18 |    46 |    54 ||   118
Block: Kite shield       |    36 |    79 |   111 ||   226
